 Dungeon Crawl Stone Soup version 0.27-a0-1071-ga85bd9520d (webtiles) character file.

Game seed: 13439170493360685617

59 leviel the Covered (level 4, -1/29 HPs)
             Began as a Gargoyle Fighter on Apr 25, 2021.
             Slain by an iron imp (5 damage)
             ... summoned by Natasha
             ... on level 2 of the Dungeon.
             The game lasted 00:01:17 (1351 turns).

leviel the Covered (Gargoyle Fighter)               Turns: 1351, Time: 00:01:18

Health: -1/29      AC: 10    Str: 21    XL:     4   Next: 3%
Magic:  4/4        EV:  7    Int:  8    God:
Gold:   42         SH:  9    Dex:  9    Spells: 3/3 levels left

rFire    . . .     SeeInvis .   a - +0 war axe
rCold    . . .     Faith    .   c - +0 kite shield
rNeg     + . .     Spirit   .   b - +0 scale mail
rPois    ∞         Reflect  .   (no helmet)
rElec    +         Harm     .   (no cloak)
rCorr    .         Rampage  .   (no gloves)
Will     .....                  (no boots)
Stlth    ..........             (no amulet)
HPRegen  0.09/turn              (no ring)
MPRegen  0.09/turn              (no ring)

@: no status effects
A: AC +3, negative energy resistance 1, electricity resistance, torment
resistance 1, unbreathing 1, petrification resistance
a: no special abilities


You were on level 2 of the Dungeon.
You visited 1 branch of the dungeon, and saw 2 of its levels.

You collected 42 gold pieces.

Inventory:

Hand Weapons
 a - a +0 war axe (weapon)
Missiles
 h - 5 curare-tipped darts (quivered)
Armour
 b - a +0 scale mail (worn)
 c - a +0 kite shield (worn)
Scrolls
 e - a scroll of fear {unknown}
 g - a scroll of blinking {unknown}
 i - a scroll of identify {unknown}
 k - a scroll of noise {unknown}
Potions
 d - a potion of might
 f - a potion of attraction {unknown}
 j - a potion of curing {unknown}


   Skills:
 + Level 3.7 Fighting
 + Level 2.6 Axes
 + Level 3.8 Armour
 + Level 0.4 Dodging
 + Level 3.6 Shields


You had 3 spell levels left.
You didn't know any spells.
Your spell library contained the following spells:

 Spells                   Type           Power      Damage    Failure   Level
 Magic Dart               Conj           0%         1d3       99%         1
 Searing Ray              Conj           0%         3d3       100%        2
 Dazzling Flash           Conj/Hex       0%         N/A       100%        3
 Fulminant Prism          Conj/Hex       0%         3d6       100%        4
 Iskenderun's Mystic Bla  Conj/Tloc      0%         2d3       100%        4


Dungeon Overview and Level Annotations

Branches:
Dungeon (2/15)

Altars:

Annotations:
D:2 Natasha


Innate Abilities, Weirdness & Mutations

Your stone body is resilient. (AC +3)
You are immune to poison.
You resist negative energy. (rN+)
You are resistant to electric shocks. (rElec)
You are resistant to unholy torment.
You can survive without breathing.
You are immune to petrification.


Message History

You are too injured to fight recklessly!
You are too injured to fight recklessly!
You are too injured to fight recklessly!
You are too injured to fight recklessly!
You are too injured to fight recklessly!
You are too injured to fight recklessly!
You are too injured to fight recklessly!
You are too injured to fight recklessly!
You are too injured to fight recklessly!
You are too injured to fight recklessly!
You are too injured to fight recklessly!
You are too injured to fight recklessly!
You are too injured to fight recklessly!
You are too injured to fight recklessly!
Unknown command.
You hit Natasha.
Natasha is severely wounded.
You completely miss the iron imp.
You hit the shadow imp but do no damage.
You block Natasha's attack. The iron imp barely misses you.
You block the shadow imp's attack. Natasha claws you but does no damage.
The iron imp barely misses you.
You slash the iron imp!
The iron imp is heavily wounded.
You closely miss Natasha.
You hit the shadow imp but do no damage.
You block the shadow imp's attack. Natasha claws you but does no damage.
The shadow imp hits you but does no damage.
You block the iron imp's attack. Natasha casts a spell at you.
You resist with some effort.
Unknown command.
You closely miss the iron imp.
The iron imp is heavily wounded.
You barely miss the shadow imp. You hit Natasha.
The shadow imp gestures at you. Pain shoots through your body!
* * * LOW HITPOINT WARNING * * *
The iron imp hits you.
You die...

≈≈..# #...## ≈≈♣.#
###.# .≈..# #.#
♣..## #.# ..##
#.###### .##
#.##...## .#
#.#.....####.## .#
####.#...55h......
.######.........@#
...............!##
.######.....#####
.# ####.## .# #.#
.### #.# ...# #+#
...# ...#


You could see an iron imp (summoned), Natasha and a shadow imp (summoned).

Vanquished Creatures
  2 adders (D:2)
  2 dart slugs (D:1)
  2 ball pythons (D:1)
  2 endoplasms (D:2)
  2 giant cockroaches
  2 goblins
  5 hobgoblins (D:1)
  4 jackals (D:1)
  4 kobolds (D:1)
  A quokka (D:1)
  2 frilled lizards (D:1)
  3 rats
31 creatures vanquished.

Notes
Turn   | Place    | Note
-------+----------+-------------------------------------------
     0 | D:1      | leviel the Gargoyle Fighter began the quest for the Orb.
     0 | D:1      | Reached XP level 1. HP: 14/14 MP: 1/1
    33 | D:1      | Reached XP level 2. HP: 7/19 MP: 2/2
   662 | D:1      | Reached XP level 3. HP: 24/24 MP: 3/3
  1108 | D:2      | Reached XP level 4. HP: 20/29 MP: 4/4
  1340 | D:2      | Noticed Natasha
  1351 | D:2      | Slain by an iron imp

Illustrated notes

Levels and vault maps discovered:
D:1:      dpeg_arrival_pond, layout_basic
D:2:      layout_loops_corners, kennysheep_decorative_pillar,
          serial_bayou_pond_b, minmay_between, uniq_natasha

Skill      XL: |  1  2 |
---------------+-------+-----
Axes           | 2 |  2.6
Fighting       | |  3.7
Armour         | |  3.8
Dodging        | |  0.4
Shields        | |  3.6

Action                   |  1- 3 |  4- 6 || total
-------------------------+-------+-------++-------
Melee: War axe           |    98 |     8 ||   106
Armor: Scale mail        |    80 |     6 ||    86
Dodge: Dodged            |    39 |     2 ||    41
Block: Kite shield       |    56 |     7 ||    63

Table legend: (Time is in decaauts)
 A = Elapsed time spent in this place.
 B = Non-inter-level travel time spent in this place.
 C = Inter-level travel time spent in this place.
 D = Time resting spent in this place.
 E = Time spent auto-exploring this place.
 F = Levels seen in this place.
 G = Mean time per level.
                   A        B        C        D        E       F      G
               +--------+--------+--------+--------+--------+-----+--------+
         Total |   1415 |   1409 |      6 |      0 |   1175 |   2 |  707.5 |
       Dungeon |   1415 |   1409 |      6 |      0 |   1175 |   2 |  707.5 |
               +--------+--------+--------+--------+--------+-----+--------+

Top non-repeatable levels by time:
     D:1: 896 daAuts
     D:2: 519 daAuts
